 Dungeon Crawl Stone Soup version 0.28-a0-503-g83f2989fac (webtiles) character file.

Game seed: 5887540082722145202

57 KennyOmg the Chopper (level 3, -2/51 HPs)
             Began as a Minotaur Berserker on Sept 21, 2021.
             Was a Believer of Trog.
             Succumbed to Robin's poison
             ... on level 2 of the Dungeon.
             The game lasted 00:01:15 (1304 turns).

KennyOmg the Chopper (Minotaur Berserker)           Turns: 1304, Time: 00:01:15

Health: -2/51      AC:  2    Str: 22    XL:     3   Next: 73%
Magic:  2/2        EV: 12    Int:  4    God:    Trog [**....]
Gold:   103        SH:  0    Dex:  9    Spells: 2/2 levels left

rFire   . . .      SeeInvis .   a - +0 hand axe
rCold   . . .      Faith    .   (no shield)
rNeg    . . .      Spirit   .   b - +0 animal skin
rPois   .          Reflect  .   (helmet restricted)
rElec   .          Harm     .   i - scarf {repulsion}
rCorr   .          Rampage  .   (no gloves)
Will    ++...                   (no boots)
Stlth   ..........              (no amulet)
HPRegen 1.17/turn               (no ring)
MPRegen 0.08/turn               (no ring)

@: berserking, lethally poisoned (-2 -> -21), strong-willed, regenerating, repel
missiles, very quick
A: horns 2, retaliatory headbutt
a: Renounce Religion, Berserk, Trog's Hand


You were on level 2 of the Dungeon.
You worshipped Trog.
Trog was pleased with you.
You visited 1 branch of the dungeon, and saw 2 of its levels.

You collected 103 gold pieces.

Inventory:

Hand Weapons
 a - a +0 hand axe (weapon)
Armour
 b - a +0 animal skin (worn)
 i - a scarf of repulsion (worn)
   (You found it on level 2 of the Dungeon)
Scrolls
 c - a scroll of noise {unknown}
 d - 2 scrolls of identify {unknown}
 e - a scroll of amnesia {unknown}
 f - 2 scrolls of enchant armour {unknown}
 g - a scroll of magic mapping {unknown}
 h - a scroll of blinking {unknown}
 j - a scroll of teleportation {unknown}


   Skills:
 + Level 4.4 Fighting
 * Level 5.1 Axes
 - Level 2.4 Armour
 - Level 2.1 Dodging


You had 2 spell levels left.
You didn't know any spells.
Your spell library was empty.

Dungeon Overview and Level Annotations

Branches:
Dungeon (2/15)

Altars:

Shops:
D:1 *


Innate Abilities, Weirdness & Mutations

You have a pair of horns on your head.
You reflexively headbutt those who attack you in melee.


Message History

You hit the goblin but do no damage. Robin throws the goblin at you!
The goblin hits you with a +0 club. The goblin barely misses you.
You furiously retaliate!
You headbutt the goblin. The goblin barely misses you. You furiously retaliate!
You headbutt the goblin!
You kill the goblin!
Trog accepts your kill.
You slash the goblin!
You kill the goblin!
Trog accepts your kill.
A hobgoblin comes into view.
A hobgoblin comes into view.
The hobgoblin shouts!
Robin misses you.
Things that are here:
a +0 club; a goblin corpse You barely miss Robin.
Robin hits you with a +2 spear of venom.
You are poisoned.
You hit Robin.
You feel very sick. Robin hits you but does no damage.
You are more poisoned.
You barely miss Robin.
* * * LOW HITPOINT WARNING * * *
You feel very sick.
Robin hits you with a +2 spear of venom.
* * * LOW HITPOINT WARNING * * *
You are more poisoned.
You are too injured to fight recklessly!
You are too injured to fight recklessly!
Your skin crawls.
You feel strong-willed.
* * * LOW HITPOINT WARNING * * *
You feel very sick. Robin closely misses you. You furiously retaliate!
You headbutt Robin!
Unknown command.
You aren't carrying any potions.
You aren't carrying any potions.
Okay, then.
A red film seems to cover your vision as you go berserk!
You feel yourself moving faster!
You feel mighty!
You feel very sick.
Robin says, "My army is invincible!"
Robin hits you with a +2 spear of venom!
* * * LOW HITPOINT WARNING * * *
You are more poisoned.
You hit Robin. You headbutt Robin.
You kill Robin!
Trog accepts your kill.
You die...

..................>#.#
.###.......#########.#
.# #.......# #.....#
.# ######### #.#####
.### #.# .... #.# ....
#)# ..... #.# .... #@#
.... #)# .... #g# .###
#g# .####### #g#
........ #g# ........
#.# ........ ..#
........


You could see 3 hobgoblins and a goblin (strong).

Vanquished Creatures
  Robin (D:2)
  A dart slug (D:1)
  6 endoplasms
  3 giant cockroaches
  8 goblins
  5 hobgoblins
  3 jackals (D:2)
  2 quokkas (D:1)
  4 ball pythons
  3 bats (D:1)
  A frilled lizard (D:1)
  7 kobolds
  6 rats
50 creatures vanquished.

Notes
Turn   | Place    | Note
-------+----------+-------------------------------------------
     0 | D:1      | KennyOmg the Minotaur Berserker began the quest for the
                  | Orb.
     0 | D:1      | Reached XP level 1. HP: 19/19 MP: 0/0
    19 | D:1      | Found Xonois's Assorted Antiques.
    57 | D:1      | Reached skill level 4 in Axes
    83 | D:1      | Reached XP level 2. HP: 27/27 MP: 1/1
   409 | D:1      | Found a faded altar of an unknown god.
   681 | D:1      | Reached XP level 3. HP: 25/33 MP: 2/2
   681 | D:1      | Reached ** piety under Trog
  1050 | D:2      | Reached skill level 5 in Axes
  1293 | D:2      | Noticed Robin
  1303 | D:2      | HP: 2/51 [Robin (7)]
  1304 | D:2      | Killed Robin
  1304 | D:2      | Succumbed to Robin's poison

Illustrated notes

Levels and vault maps discovered:
D:1:      dpeg_arrival_simpleton_c, layout_basic,
          chequers_ecumenical_altar_simple_redux, serial_shops,
          nicolae_square_shop, minmay_3d_cube
D:2:      minmay_kobold_bridge, layout_basic, kennysheep_pointless_box,
          uniq_terence, uniq_robin

Skill      XL: |  1  2  3 |
---------------+----------+-----
Axes           | 4 5 |  5.1
Fighting       | 4 |  4.4
Armour         | |  2.4
Dodging        | |  2.1

Action                   || total
-------------------------++-------
Melee: Hand axe          ||    75
       Headbutt          ||    11
Invok: Berserk           ||     1
       Trog's Hand       ||     1
Armor: Animal skin       ||    14
Dodge: Dodged            ||    55

Table legend: (Time is in decaauts)
 A = Elapsed time spent in this place.
 B = Non-inter-level travel time spent in this place.
 C = Inter-level travel time spent in this place.
 D = Time resting spent in this place.
 E = Time spent auto-exploring this place.
 F = Levels seen in this place.
 G = Mean time per level.
                   A        B        C        D        E       F      G
               +--------+--------+--------+--------+--------+-----+--------+
         Total |   1309 |   1301 |      8 |      0 |   1057 |   2 |  654.5 |
       Dungeon |   1309 |   1301 |      8 |      0 |   1057 |   2 |  654.5 |
               +--------+--------+--------+--------+--------+-----+--------+

Top non-repeatable levels by time:
     D:1: 907 daAuts
     D:2: 402 daAuts
